Map: Lost and Found LE

Players

DEDAL

  • Race: Terran Terran
  • League: Platinum
  • Spawn Location: 1:00

Swatopluke - Winner!

  • Race: Protoss Protoss
  • League: Platinum
  • Spawn Location: 7:00

VOD

Have the link to the VOD?

Description

Time

  • Played on: Nov. 13, 2018, 3:55 p.m.
  • Length: 5:14
Show
View Real Time Build Order
Export as new Build Order

DEDAL Terran 

Build Orders:  

Get SALT Encoding   

  12  0:00  SCV  
  13  0:13  SCV  
  14  0:17  Supply Depot  
  14  0:25  SCV  
  15  0:39  SCV  
  15  0:40  Barracks  
  16  0:51  SCV  
  17  1:01  Refinery  
  17  1:03  SCV, Supply Depot  
  18  1:15  Barracks  
  18  1:26  Orbital Command  
  18  1:30  Marine  
  19  1:47  Marine  
  19  1:52  SCV  
  21  2:03  Barracks, Barracks Tech Lab  
  21  2:04  SCV  
  21  2:05  Marine  
  23  2:16  SCV  
  23  2:19  Supply Depot  
  24  2:23  Marine  
  26  2:30  SCV  
  26  2:31  Marauder  
  26  2:33  Concussive Shells  
  28  2:41  Marine  
  28  2:42  SCV, Supply Depot  
  30  2:52  Barracks Tech Lab  
  30  2:55  Marauder  
  32  2:59  Marine  
  32  3:00  SCV  
  32  3:04  Engineering Bay  
  34  3:06  Supply Depot  
  34  3:11  Marauder  
  36  3:17  Marauder  
  38  3:36  Marauder  
  38  3:38  Marauder  
  42  3:41  Marine  
  43  3:53  SCV  
  44  3:56  Engineering Bay  
  44  3:57  Marauder  
  44  3:59  Marauder  
  48  4:05  SCV  
  48  4:08  Marine  
  40  4:18  Marine  
  40  4:21  Marauder  
  43  4:26  Marine  
  43  4:28  Barracks  
  43  4:29  Factory  
  41  4:38  Marine  
  41  4:42  Marauder  
  41  4:43  Marine  
  39  4:56  Marine  
Show
View Real Time Build Order
Export as new Build Order

Swatopluke Protoss - Winner!

Build Orders:  

Get SALT Encoding   

  12  0:00  Probe  
  13  0:13  Probe  
  14  0:17  Pylon  
  14  0:25  Probe  
  15  0:34  Probe  
  15  0:35  Gateway  
  15  0:42  Probe  
  16  0:49  Assimilator  
  17  0:52  Probe  
  18  1:01  Gateway  
  18  1:04  Probe  
  19  1:16  Probe  
  20  1:22  Cybernetics Core  
  20  1:29  Probe  
  20  1:30  Assimilator  
  21  1:34  Pylon  
  21  1:41  Probe  
  22  1:47  Warp Gate  
  22  1:55  Probe  
  22  1:58  Stalker x2  
  27  2:22  Robotics Facility  
  27  2:23  Probe  
  28  2:34  Stalker  
  30  2:37  Pylon  
  30  2:52  Probe  
  30  2:55  Stalker  
  30  2:56  Pylon  
  33  2:59  Immortal  
  39  3:38  Shield Battery  
  39  3:41  Shield Battery  
  39  3:47  Immortal  
  39  3:58  Adept x2  
  37  4:21  Nexus  
  37  4:22  Probe  
  38  4:26  Stalker  
  40  4:34  Probe  
  41  4:49  Stalker  
  41  4:50  Stalker  
  41  4:51  Probe  
  42  5:01  Shield Battery  
Tags
 
Add a new tag
Caveats
  • Supply blocks, unpowered buildings, or Contaminate may cause inaccurate times.
  • Supply counts are checked every 10 seconds.